 Dungeon Crawl Stone Soup version 0.23.2-40-g277498a001 (webtiles) character file.

Game seed: 10536331207156159081

1117 H0rd4k the Cutter (level 8, 0/58 HPs)
             Began as a Human Artificer on Aug 30, 2019.
             Slain by a wight
             ... wielding a +2 halberd of protection
              (5 damage)
             ... on level 6 of the Dungeon.
             The game lasted 00:11:18 (4998 turns).

H0rd4k the Cutter (Human Artificer)                 Turns: 4998, Time: 00:11:19

Health: 0/58       AC:  8    Str: 16    XL:     8   Next: 60%
Magic:  19/19      EV: 12    Int: 11    God:
Gold:   265        SH:  0    Dex: 13    Spells: 7/7 levels left

rFire    . . .     SeeInvis .   E - +4 scimitar
rCold    + . .     Gourm    .   (no shield)
rNeg     . . .     Faith    .   b - +0 leather armour
rPois    .         Spirit   .   k - +2 hat
rElec    .         Reflect  .   o - +2 cloak
rCorr    .         Harm     .   (no gloves)
MR       .....                  (no boots)
Stlth    +.........             u - amulet of magic regeneration
HPRegen  0.19/turn              n - ring of protection from cold
MPRegen  0.41/turn              v - ring of magical power

@: heavily drained
A: no striking features
a: no special abilities


You were on level 6 of the Dungeon.
You were not hungry.

You visited 1 branch of the dungeon, and saw 6 of its levels.

You collected 265 gold pieces.

Inventory:

Hand Weapons
 a - a +0 short sword
 l - a +2 short sword of speed
 A - a +2 falchion of draining
 E - a +4 scimitar (weapon)
Missiles
 y - 4 tomahawks (quivered)
Armour
 b - a +0 leather armour (worn)
 k - a +2 hat (worn)
 o - a +2 cloak (worn)
Jewellery
 n - a ring of protection from cold (left hand)
 u - an amulet of magic regeneration (around neck)
 v - a ring of magical power (right hand)
Wands
 c - a wand of flame (9)
 d - a wand of enslavement (15)
 e - a wand of random effects (8)
 r - a wand of paralysis (7)
 x - a wand of polymorph (4)
Scrolls
 g - 3 scrolls of remove curse
 h - 5 scrolls of identify {unknown}
 i - a scroll of fear {unknown}
 j - 3 scrolls of enchant weapon {unknown}
 m - 3 scrolls of fog {unknown}
 p - a scroll of amnesia {unknown}
 t - 2 scrolls of teleportation {unknown}
 z - a scroll of blinking {unknown}
 D - a scroll of enchant armour {unknown}
Potions
 q - 2 potions of might
 s - a potion of curing {unknown}
 w - a potion of invisibility {unknown}
 B - 2 potions of lignification {unknown}
 C - 2 potions of degeneration {unknown}
Comestibles
 f - 5 rations


   Skills:
 + Level 3.3(0.8) Fighting
 + Level 5.1(3.1) Short Blades
 + Level 3.9(2.5) Long Blades
 + Level 3.0(0.5) Armour
 + Level 4.3(1.8) Dodging
 + Level 1.9(0.0) Stealth
 + Level 3.9(1.3) Evocations


You had 7 spell levels left.
You didn't know any spells.
Your spell library was empty.

Dungeon Overview and Level Annotations

Branches:
Dungeon (6/15)
 Temple: D:4-7

Altars:

Annotations:
D:5 exclusion: downstairs


Message History

You hit the wight but do no damage.
The wight is lightly damaged.
The wight hits you with a +2 halberd of protection!
You hit the wight but do no damage.
The wight is lightly damaged.
The wight hits you with a +2 halberd of protection.
You hit the wight.
The wight is moderately damaged.
The wight hits you with a +2 halberd of protection.
You hit the wight.
The wight is moderately damaged.
The wight hits you with a +2 halberd of protection!
You hit the wight.
The wight is heavily damaged.
The wight hits you with a +2 halberd of protection.
* * * LOW HITPOINT WARNING * * *
The wight hits you from afar with a +2 halberd of protection!
* * * LOW HITPOINT WARNING * * *
You feel drained.
You die...

#.. #.....#...##....z....
#...##.........(.()...z...
#.....((.....^.##<(...z.##
#...##....##...##.......#
#.. ##(...#######<......#
#. #.(...##...##.......# #
#........)...........#
+....(<..............#
#......@......$......#
#....................#
#........z......
##...###...##+## #...
##+## #... #... #.


You could see a wight.

Vanquished Creatures
  Sigmund (D:3)
  A sky beast (D:5)
  2 phantoms
  3 wights (D:5)
  An orc priest (D:4)
  3 orc wizards
  Ijyb (D:3)
  Terence (D:2)
  Natasha (thrice) (D:3)
  3 worker ants (D:4)
  A hound zombie (D:5)
  A hound skeleton (D:4)
  2 worker ant zombies (D:5)
  5 adders
  7 gnolls
  An ooze (D:3)
  An adder skeleton (D:6)
  6 dart slugs
  3 worms
  A leopard gecko (D:3)
  10 orcs
  2 ball pythons (D:2)
  4 giant cockroaches
  7 goblins
  5 hobgoblins
  8 jackals
  11 kobolds
  6 bats
  3 frilled lizards (D:2)
  4 rats
107 creatures vanquished.

Notes
Turn   | Place    | Note
-------+----------+-------------------------------------------
     0 | D:1      | H0rd4k the Human Artificer began the quest for the Orb.
     0 | D:1      | Reached XP level 1. HP: 15/15 MP: 3/3
    49 | D:1      | Reached XP level 2. HP: 17/21 MP: 4/4
   363 | D:1      | Reached XP level 3. HP: 26/26 MP: 5/5
   671 | D:2      | Reached skill level 2 in Short Blades
   727 | D:2      | Reached XP level 4. HP: 25/32 MP: 6/6
  1155 | D:2      | Noticed Terence
  1186 | D:2      | Killed Terence
  1186 | D:2      | Reached skill level 3 in Short Blades
  1186 | D:2      | Reached XP level 5. HP: 28/37 MP: 7/7
  1392 | D:3      | Noticed Sigmund
  1395 | D:3      | Killed Sigmund
  1395 | D:3      | Reached skill level 4 in Short Blades
  1395 | D:3      | Reached skill level 1 in Armour
  1395 | D:3      | Reached XP level 6. HP: 44/44 MP: 8/8
  1409 | D:3      | Noticed Natasha
  1422 | D:3      | Killed Natasha
  1429 | D:3      | Noticed Natasha
  1430 | D:3      | Noticed Ijyb
  1455 | D:3      | Killed Natasha
  1879 | D:3      | Killed Ijyb
  2133 | D:3      | Noticed Natasha
  2144 | D:3      | Killed Natasha
  2144 | D:3      | Reached XP level 7. HP: 34/50 MP: 9/9
  2649 | D:4      | Reached skill level 5 in Short Blades
  3340 | D:4      | Reached skill level 1 in Long Blades
  3696 | D:5      | Entered Level 5 of the Dungeon
  3710 | D:5      | Reached XP level 8. HP: 53/57 MP: 10/10
  4687 | D:5      | HP: 2/58 [wight/cursed +4 scimitar (11)]
  4998 | D:6      | Slain by a wight

Skill      XL: |  1  2  3  4  5  6  7  8 |
---------------+-------------------------+-----
Short Blades   | 2 3 4 5 |  5.1
Armour         | 1 2 3 |  3.0
Dodging        | 3 4 |  4.3
Fighting       | 2 3 |  3.3
Long Blades    | 1 3 |  3.9
Stealth        | |  1.9
Evocations     | |  3.9

Action                   |  1- 3 |  4- 6 |  7- 9 || total
-------------------------+-------+-------+-------++-------
Melee: Short sword       |    89 |   131 |    49 ||   269
       Falchion          |       |       |   206 ||   206
       Scimitar          |       |       |     8 ||     8
Evoke: Wand              |     2 |     9 |     3 ||    14
  Use: Scroll            |     1 |       |     2 ||     3
       Potion            |       |       |     1 ||     1
 Stab: Sleeping          |     2 |     1 |       ||     3
  Eat: Ration            |       |     1 |     2 ||     3
       Chunk             |       |       |     4 ||     4
Armor: Leather armour    |    17 |    27 |    69 ||   113
Dodge: Dodged            |    53 |    65 |   170 ||   288
       Rpst.: Falchion   |       |       |    48 ||    48
       Scimitar          |       |       |     1 ||     1
